ITL
CHATTANOOGA CHINPOKOMON @ DETROIT X-WINGS
07/21/2029
 
TOP OF THE 1ST
Chattanooga Chinpokomon batting - Pitching for Detroit X-Wings : RHP Jeremias Pereirinha
Pitching: RHP Jeremias Pereirinha
Batting: LHB Elvin Summers 0-0: Ball
1-0: Ball
2-0: Called Strike
2-1: SINGLE (Line Drive, 9S)
Batting: RHB Luis Antonio Velásquez 0-0: Ball
1-0: Foul Ball, location: 2F
1-1: Ball
2-1: Foul Ball, location: 2F
2-2: Ball
Elvin Summers steals 2nd base
3-2: Strikes out swinging
Batting: LHB Ramiro Muñóz 0-0: Called Strike
0-1: Called Strike
0-2: Foul Ball, location: 2F
0-2: Ball
1-2: Ball
2-2: DOUBLE (Line Drive, 78D)
Elvin Summers scores
Batting: RHB Jesús Tisnado 0-0: Ball
1-0: Foul Ball, location: 2F
1-1: Ball
2-1: Ball
3-1: Called Strike
3-2: Foul Ball, location: 2F
3-2: Strikes out swinging
Batting: RHB Patrick Potts 0-0: Ball
1-0: Ball
2-0: Ball
3-0: Base on Balls
Batting: RHB Ricardo Salazar 0-0: Ball
1-0: Ball
2-0: Ball
3-0: Called Strike
3-1: Base on Balls
Ramiro Muñóz to third
Patrick Potts to second
Batting: RHB Jeffrey Hicks 0-0: Ball
1-0: Called Strike
1-1: Called Strike
1-2: Ground out 4-3 (Groundball, 34)
Top of the 1st over - 1 run, 2 hits, 0 errors, 3 left on base; Chattanooga 1 - Detroit 0
BOTTOM OF THE 1ST
Detroit X-Wings batting - Pitching for Chattanooga Chinpokomon : RHP Juan Moreno
Pitching: RHP Juan Moreno
Batting: RHB Sean White 0-0: Called Strike
0-1: Ball
1-1: Foul Ball, location: 2F
1-2: Fly out, F4 (Flyball, 34D)
Batting: RHB Enrique Aguilar 0-0: Foul Ball, location: 2F
0-1: Ground out 5-3 (Groundball, 56S)
Batting: SHB Barrett Bowden 0-0: Ground out U3 (Groundball, 34)
Bottom of the 1st over - 0 runs, 0 hits, 0 errors, 0 left on base; Chattanooga 1 - Detroit 0
TOP OF THE 2ND
Chattanooga Chinpokomon batting - Pitching for Detroit X-Wings : RHP Jeremias Pereirinha
Batting: RHB Jesús Ramírez 0-0: Swinging Strike
0-1: Foul Ball, location: 2F
0-2: Foul Ball, location: 2F
0-2: Ball
1-2: Ball
2-2: Foul Ball, location: 2F
2-2: Foul Ball, location: 2F
2-2: Foul Ball, location: 2F
2-2: Fly out, F9 (Flyball, 9LMF)
Batting: SHB Roberto Rivera 0-0: Called Strike
0-1: Swinging Strike
0-2: Ground out 1-3 (Groundball, 15S)
Batting: LHB Elvin Summers 0-0: Ball
1-0: Foul Ball, location: 2F
1-1: Foul Ball, location: 2F
1-2: SINGLE (Line Drive, 34D)
Batting: RHB Luis Antonio Velásquez 0-0: Ball
1-0: SINGLE (Groundball, 4D)
Elvin Summers to second
Runner from 2nd tries for 3rd, SAFE, throw made to third
Batting: LHB Ramiro Muñóz 0-0: Foul Ball, location: 2F
0-1: Foul Ball, location: 2F
0-2: Foul Ball, location: 2F
0-2: Foul Ball, location: 2F
0-2: Strikes out swinging
Top of the 2nd over - 0 runs, 2 hits, 0 errors, 2 left on base; Chattanooga 1 - Detroit 0
BOTTOM OF THE 2ND
Detroit X-Wings batting - Pitching for Chattanooga Chinpokomon : RHP Juan Moreno
Batting: LHB Paul Alston 0-0: Ball
1-0: Ball
2-0: Swinging Strike
2-1: Called Strike
2-2: Ball
3-2: Foul Ball, location: 2F
3-2: Strikes out swinging
Batting: SHB Felipe Detorres 0-0: SINGLE (Groundball, 34D)
Batting: RHB Mario Solís 0-0: Called Strike
0-1: Grounds into double play, 4-6-3 (Groundball, 4)
Bottom of the 2nd over - 0 runs, 1 hit, 0 errors, 0 left on base; Chattanooga 1 - Detroit 0
TOP OF THE 3RD
Chattanooga Chinpokomon batting - Pitching for Detroit X-Wings : RHP Jeremias Pereirinha
Batting: RHB Jesús Tisnado 0-0: Called Strike
0-1: Fly out, F9 (Flyball, 9)
Batting: RHB Patrick Potts 0-0: Foul Ball, location: 2F
0-1: SINGLE (Flyball, 9S)
Batting: RHB Ricardo Salazar 0-0: Called Strike
0-1: Ball
1-1: Ball
2-1: Called Strike
2-2: Ball
3-2: SINGLE (Line Drive, 3)
Patrick Potts to second
Batting: RHB Jeffrey Hicks 0-0: Ball
1-0: Called Strike
Patrick Potts steals 3rd base
1-1: Foul Ball, location: 2F
1-2: Ball
2-2: Ball
3-2: Base on Balls
Ricardo Salazar to second
Batting: RHB Jesús Ramírez 0-0: Called Strike
0-1: Ball
1-1: SINGLE (Groundball, 6MD)
Patrick Potts scores
Ricardo Salazar to third
Jeffrey Hicks to second
Runner from 3rd tries for Home, SAFE, no throw
Batting: SHB Roberto Rivera 0-0: Foul Ball, location: 2F
0-1: Ball
1-1: Foul Ball, location: 2F
1-2: Ball
2-2: Foul Ball, location: 2F
2-2: Strikes out swinging
Batting: LHB Elvin Summers 0-0: Foul Ball, location: 2F
0-1: Fly out, F7 (Flyball, 7)
Top of the 3rd over - 2 runs, 3 hits, 0 errors, 2 left on base; Chattanooga 3 - Detroit 0
BOTTOM OF THE 3RD
Detroit X-Wings batting - Pitching for Chattanooga Chinpokomon : RHP Juan Moreno
Batting: RHB Raúl Flores 0-0: Called Strike
0-1: Swinging Strike
0-2: Ball
1-2: Strikes out swinging
Batting: LHB Leslie Adams 0-0: Ball
1-0: Ball
2-0: Ball
3-0: Base on Balls
Batting: RHB Oliver Acevedo 0-0: Grounds into double play, 6-4-3 (Groundball, 6)
Bottom of the 3rd over - 0 runs, 0 hits, 0 errors, 0 left on base; Chattanooga 3 - Detroit 0
TOP OF THE 4TH
Chattanooga Chinpokomon batting - Pitching for Detroit X-Wings : RHP Jeremias Pereirinha
Batting: RHB Luis Antonio Velásquez 0-0: Called Strike
0-1: Ball
1-1: Fly out, F2 (Popup, 15S)
Batting: LHB Ramiro Muñóz 0-0: Ball
1-0: Fly out, F8 (Flyball, 89M)
Batting: RHB Jesús Tisnado 0-0: Ball
1-0: Ball
2-0: SINGLE (Line Drive, 6)
Batting: RHB Patrick Potts 0-0: SINGLE (Groundball, 3S) (infield hit)
Jesús Tisnado to second
Batting: RHB Ricardo Salazar 0-0: SINGLE (Groundball, 56D)
Jesús Tisnado to third
Patrick Potts to second
Runner from 3rd tries for Home, SAFE, no throw
Batting: RHB Jeffrey Hicks 0-0: Called Strike
0-1: Fielders Choice at 2nd, 5-4 (Groundball, 56)
Top of the 4th over - 1 run, 3 hits, 0 errors, 2 left on base; Chattanooga 4 - Detroit 0
BOTTOM OF THE 4TH
Detroit X-Wings batting - Pitching for Chattanooga Chinpokomon : RHP Juan Moreno
Batting: RHB Sean White 0-0: Ball
1-0: SOLO HOME RUN (Flyball, 7LD), Distance : 354 ft
Batting: RHB Enrique Aguilar 0-0: Ball
1-0: Foul Ball, location: 2F
1-1: Ball
2-1: Foul Ball, location: 2F
2-2: Ball
3-2: SINGLE (Groundball, 6S) (infield hit)
Batting: SHB Barrett Bowden 0-0: Ball
1-0: Called Strike
1-1: Swinging Strike
1-2: Strikes out swinging
Batting: LHB Paul Alston 0-0: Ball
1-0: DOUBLE (Flyball, 89D)
Enrique Aguilar to third
Batting: SHB Felipe Detorres 0-0: Ball
1-0: Called Strike
1-1: Foul Ball, location: 2F
1-2: SINGLE (Groundball, 3D)
Enrique Aguilar scores
Paul Alston to third
Batting: RHB Mario Solís 0-0: Called Strike
0-1: Ball
1-1: Ball
Felipe Detorres steals 2nd base
2-1: DOUBLE (Line Drive, 89D)
Paul Alston scores
Felipe Detorres scores
Batting: RHB Raúl Flores 0-0: Fly out, F8 (Flyball, 78D)
Batting: LHB Leslie Adams 0-0: Called Strike
0-1: Foul Ball, location: 2F
0-2: Foul Ball, location: 2F
0-2: Strikes out looking
Bottom of the 4th over - 4 runs, 5 hits, 0 errors, 1 left on base; Chattanooga 4 - Detroit 4
TOP OF THE 5TH
Chattanooga Chinpokomon batting - Pitching for Detroit X-Wings : RHP Jeremias Pereirinha
Batting: RHB Jesús Ramírez 0-0: Swinging Strike
0-1: Foul Ball, location: 2F
0-2: Ball
1-2: Ground out U3 (Groundball, 34)
Batting: SHB Roberto Rivera 0-0: Ball
1-0: Called Strike
1-1: Foul Ball, location: 2F
1-2: Ball
2-2: Ball
3-2: Foul Ball, location: 2F
3-2: SINGLE (Flyball, 78S)
Pitching: RHP Ralph Bascombe
Batting: LHB Elvin Summers 0-0: Ball
1-0: Foul Ball, location: 2F
1-1: Ball
2-1: TRIPLE (Line Drive, 89XD)
Roberto Rivera scores
Batting: RHB Luis Antonio Velásquez 0-0: Called Strike
0-1: Ball
1-1: Fly out, F4 (Flyball, 34D)
Batting: LHB Ramiro Muñóz 0-0: Foul Ball, location: 2F
0-1: Ball
1-1: Ball
2-1: Ball
3-1: Base on Balls
Batting: RHB Jesús Tisnado 0-0: Ball
1-0: Ground out 1-3 (Groundball, P)
Top of the 5th over - 1 run, 2 hits, 0 errors, 2 left on base; Chattanooga 5 - Detroit 4
BOTTOM OF THE 5TH
Detroit X-Wings batting - Pitching for Chattanooga Chinpokomon : RHP Juan Moreno
Batting: RHB Oliver Acevedo 0-0: Ball
1-0: Ball
2-0: Called Strike
2-1: SINGLE (Groundball, 56D)
Batting: RHB Sean White 0-0: Fly out, F7 (Line Drive, 7S)
Batting: RHB Enrique Aguilar 0-0: Ball
1-0: Ball
2-0: Called Strike
2-1: Foul Ball, location: 2F
2-2: Strikes out swinging
Batting: SHB Barrett Bowden 0-0: Foul Ball, location: 2F
0-1: Ball
1-1: Ball
2-1: Foul Ball, location: 2F
2-2: Strikes out swinging
Bottom of the 5th over - 0 runs, 1 hit, 0 errors, 1 left on base; Chattanooga 5 - Detroit 4
TOP OF THE 6TH
Chattanooga Chinpokomon batting - Pitching for Detroit X-Wings : RHP Ralph Bascombe
Batting: RHB Patrick Potts 0-0: Fly out, F8 (Line Drive, 8LM)
Batting: RHB Ricardo Salazar 0-0: Called Strike
0-1: Foul Ball, location: 2F
0-2: Ground out 6-3 (Groundball, 6M)
Batting: RHB Jeffrey Hicks 0-0: Ball
1-0: Foul Ball, location: 2F
1-1: Ball
2-1: Called Strike
2-2: Strikes out swinging
Top of the 6th over - 0 runs, 0 hits, 0 errors, 0 left on base; Chattanooga 5 - Detroit 4
BOTTOM OF THE 6TH
Detroit X-Wings batting - Pitching for Chattanooga Chinpokomon : RHP Juan Moreno
Batting: LHB Paul Alston 0-0: Ball
1-0: Ball
2-0: Swinging Strike
2-1: Fly out, F4 (Line Drive, 4M)
Batting: SHB Felipe Detorres 0-0: Foul Ball, location: 2F
0-1: Swinging Strike
0-2: Ball
1-2: Ball
2-2: Fly out, F8 (Flyball, 8LS)
Batting: RHB Mario Solís 0-0: Called Strike
0-1: Ball
1-1: Ball
2-1: Foul Ball, location: 2F
2-2: Fly out, F8 (Flyball, 8RS)
Bottom of the 6th over - 0 runs, 0 hits, 0 errors, 0 left on base; Chattanooga 5 - Detroit 4
TOP OF THE 7TH
Chattanooga Chinpokomon batting - Pitching for Detroit X-Wings : RHP Ralph Bascombe
Batting: RHB Jesús Ramírez 0-0: Ball
1-0: Foul Ball, location: 2F
1-1: Foul Ball, location: 2F
1-2: Foul Ball, location: 2F
1-2: Ball
2-2: Foul Ball, location: 2F
2-2: SINGLE (Groundball, 6MD)
Batting: SHB Roberto Rivera 0-0: Ball
1-0: Bunted foul
1-1: Bunted foul
1-2: Ball
2-2: DOUBLE (Flyball, 9LD)
Jesús Ramírez to third
Runner from 3rd tries for Home, SAFE, no throw
Batting: LHB Elvin Summers 0-0: Intentional Walk
Pinch Hitting: LHB José Costa 0-0: Ball
1-0: Foul Ball, location: 2F
1-1: Ball
2-1: Foul Ball, location: 2F
2-2: Foul Ball, location: 2F
2-2: Ball
3-2: Base on Balls
Roberto Rivera to third
Elvin Summers to second
Pitching: LHP Richard Dorris
Pinch Hitting: RHB Cristo García 0-0: Ball
1-0: Called Strike
1-1: Called Strike
1-2: Ball
2-2: SINGLE (Line Drive, 56)
Roberto Rivera scores
Elvin Summers to third
José Costa to second
Runner from 3rd tries for Home, SAFE, no throw
Pitching: LHP Clarence Skerratt
Batting: RHB Jesús Tisnado 0-0: SINGLE (Groundball, 6D)
José Costa to third
Cristo García to second
Runner from 3rd tries for Home, SAFE, no throw
Batting: RHB Patrick Potts 0-0: Fly out, F3 (Popup, 3SF)
Batting: RHB Ricardo Salazar 0-0: Ball
1-0: Ground out U3 (Groundball, 34S)
Cristo García to third
Jesús Tisnado to second
Batting: RHB Jeffrey Hicks 0-0: Ball
1-0: Ball
2-0: Called Strike
2-1: Foul Ball, location: 2F
2-2: Ball
3-2: Base on Balls
Batting: RHB Jesús Ramírez 0-0: Ground out 1-3 (Groundball, 13)
Top of the 7th over - 4 runs, 4 hits, 0 errors, 3 left on base; Chattanooga 9 - Detroit 4
BOTTOM OF THE 7TH
Detroit X-Wings batting - Pitching for Chattanooga Chinpokomon : RHP Juan Moreno
Now at 2B: Kyung-bok Cho
Now at 3B: Cristo García
Batting: RHB Raúl Flores 0-0: Called Strike
0-1: Ball
1-1: Foul Ball, location: 2F
1-2: Strikes out swinging
Batting: LHB Leslie Adams 0-0: Ball
1-0: Foul Ball, location: 2F
1-1: Ball
2-1: Ball
3-1: Called Strike
3-2: Foul Ball, location: 2F
3-2: Strikes out swinging
Batting: RHB Oliver Acevedo 0-0: Called Strike
0-1: Called Strike
0-2: Foul Ball, location: 2F
0-2: Ball
1-2: Strikes out swinging
Bottom of the 7th over - 0 runs, 0 hits, 0 errors, 0 left on base; Chattanooga 9 - Detroit 4
TOP OF THE 8TH
Chattanooga Chinpokomon batting - Pitching for Detroit X-Wings : LHP Clarence Skerratt
Batting: SHB Roberto Rivera 0-0: Called Strike
0-1: Ball
1-1: Swinging Strike
1-2: Fly out, F3 (Popup, 3SF)
Batting: LHB Elvin Summers 0-0: Ball
1-0: Foul Ball, location: 2F
1-1: Ball
2-1: Fly out, F9 (Flyball, 9D)
Batting: RHB Kyung-bok Cho 0-0: Swinging Strike
0-1: Ball
1-1: Called Strike
1-2: SINGLE (Groundball, 15S) (infield hit)
Batting: RHB Cristo García 0-0: Ball
Kyung-bok Cho steals 2nd base
1-0: Swinging Strike
1-1: Called Strike
1-2: Ground out 4-3 (Groundball, 34)
Top of the 8th over - 0 runs, 1 hit, 0 errors, 1 left on base; Chattanooga 9 - Detroit 4
BOTTOM OF THE 8TH
Detroit X-Wings batting - Pitching for Chattanooga Chinpokomon : RHP Juan Moreno
Pitching: RHP Jorge Amador
Batting: RHB Sean White 0-0: Called Strike
0-1: Ball
1-1: SOLO HOME RUN (Flyball, 78XD), Distance : 395 ft
Batting: RHB Enrique Aguilar 0-0: Foul Ball, location: 2F
0-1: Ball
1-1: Ball
2-1: Fly out, F7 (Flyball, 78S)
Batting: SHB Barrett Bowden 0-0: Ball
1-0: Ball
2-0: SINGLE (Line Drive, 4D)
Batting: LHB Paul Alston 0-0: SINGLE (Groundball, 34D)
Barrett Bowden to second
Runner from 2nd tries for 3rd, SAFE, no throw
Batting: SHB Felipe Detorres 0-0: Fielders Choice at 2nd, 6-4 (Groundball, 6M)
Barrett Bowden scores
Pitching: RHP Renaldo Quilh
Batting: RHB Mario Solís 0-0: Called Strike
0-1: Ball
1-1: Foul Ball, location: 2F
1-2: Ball
2-2: Ball
3-2: Strikes out swinging
Bottom of the 8th over - 2 runs, 3 hits, 0 errors, 1 left on base; Chattanooga 9 - Detroit 6
TOP OF THE 9TH
Chattanooga Chinpokomon batting - Pitching for Detroit X-Wings : LHP Clarence Skerratt
Batting: RHB Jesús Tisnado 0-0: Foul Ball, location: 2F
0-1: Called Strike
0-2: Foul Ball, location: 2F
0-2: Strikes out swinging
Batting: RHB Patrick Potts 0-0: Foul Ball, location: 2F
0-1: Ball
1-1: Ball
2-1: Ball
3-1: Swinging Strike
3-2: Fly out, F8 (Flyball, 8RD)
Batting: RHB Ricardo Salazar 0-0: SINGLE (Line Drive, 3D)
Batting: RHB Jeffrey Hicks 0-0: Ball
1-0: Foul Ball, location: 2F
1-1: Fly out, F9 (Line Drive, 89XD)
Top of the 9th over - 0 runs, 1 hit, 0 errors, 1 left on base; Chattanooga 9 - Detroit 6
BOTTOM OF THE 9TH
Detroit X-Wings batting - Pitching for Chattanooga Chinpokomon : RHP Renaldo Quilh
Pitching: RHP Alejandro Hernández
Batting: RHB Raúl Flores 0-0: Swinging Strike
0-1: Swinging Strike
0-2: Ball
1-2: Strikes out swinging
Batting: LHB Leslie Adams 0-0: SINGLE (Groundball, 3) (infield hit)
Pinch Runner at 1st Chris Loudermilk:
Batting: RHB Oliver Acevedo 0-0: Foul Ball, location: 2F
0-1: Ball
1-1: SINGLE (Line Drive, 6MD)
Chris Loudermilk to second
Batting: RHB Sean White 0-0: Ball
1-0: Foul Ball, location: 2F
1-1: Ball
2-1: Called Strike
2-2: Ball
3-2: Base on Balls
Chris Loudermilk to third
Oliver Acevedo to second
Batting: RHB Enrique Aguilar 0-0: SINGLE (Groundball, 34D)
Chris Loudermilk scores
Oliver Acevedo to third
Sean White to second
Batting: SHB Barrett Bowden 0-0: Ball
1-0: Fly out, F6 (Popup, 6MS)
Batting: LHB Paul Alston 0-0: Fly out, F7 (Flyball, 78S)
Bottom of the 9th over - 1 run, 3 hits, 0 errors, 3 left on base; Chattanooga 9 - Detroit 7
Saturday, December 16th, 2017 - OOTP Baseball 18.8 Build 76